Map: Simulacrum LE

Players

meeK - Winner!

  • Race: Protoss Protoss
  • League: Diamond
  • Spawn Location: 5:00

DHDH

  • Race: Terran Terran
  • League: Diamond
  • Spawn Location: 11:00

VOD

Have the link to the VOD?

Description

Time

  • Played on: May 4, 2020, 8:01 p.m.
  • Length: 6:08
Show
View Real Time Build Order
Export as new Build Order

meeK Protoss - Winner!

Build Orders: 1 Gate Expand 

Get SALT Encoding   

  12  0:00  Probe  
  13  0:13  Probe  
  14  0:17  Pylon  
  14  0:25  Probe (Chrono Boost)  
  15  0:35  Gateway  
  15  0:39  Probe (Chrono Boost)  
  16  0:44  Probe (Chrono Boost)  
  16  0:48  Assimilator  
  17  0:56  Probe  
  18  1:08  Probe  
  19  1:22  Nexus  
  19  1:32  Cybernetics Core  
  19  1:35  Probe (Chrono Boost)  
  20  1:43  Assimilator  
  21  1:47  Probe (Chrono Boost)  
  21  1:53  Pylon  
  21  1:55  Probe (Chrono Boost)  
  22  2:08  Adept (Chrono Boost)  
  22  2:10  Warp Gate  
  22  2:13  Probe  
  25  2:24  Twilight Council  
  25  2:26  Probe  
  25  2:29  Adept (Chrono Boost)  
  28  2:38  Pylon  
  28  2:53  Probe, Robotics Facility  
  29  3:02  Gateway  
  29  3:04  Charge (Chrono Boost)  
  29  3:16  Gateway  
  29  3:25  Gateway  
  29  3:32  Probe  
  29  3:33  Probe, Gateway  
  31  3:47  Warp Prism (Chrono Boost)  
  33  3:52  Probe x2  
  35  4:04  Gateway  
  35  4:07  Gateway  
  35  4:12  Pylon  
  35  4:17  Zealot  
  35  4:18  Zealot  
  39  4:31  Pylon  
  39  4:33  Probe x2  
  39  4:37  Zealot x3  
  47  4:39  Zealot  
  49  4:50  Probe  
  50  4:55  Pylon  
  50  5:04  Zealot  
  50  5:05  Zealot x4  
  50  5:06  Zealot  
  52  5:32  Zealot  
  52  5:33  Zealot x4  
  52  5:34  Zealot x2  
  54  5:50  Zealot  
  54  5:53  Zealot x4  
  54  5:54  Zealot x2  
Show
View Real Time Build Order
Export as new Build Order

DHDH Terran 

Build Orders: Reaper Expand 

Get SALT Encoding   

  12  0:01  SCV  
  13  0:13  SCV  
  14  0:18  Supply Depot  
  14  0:25  SCV  
  15  0:39  SCV  
  15  0:40  Barracks  
  16  0:46  Refinery  
  16  0:51  SCV  
  17  1:04  SCV  
  19  1:18  SCV  
  19  1:33  Reaper  
  19  1:36  Orbital Command  
  20  1:49  Command Center  
  20  2:02  Supply Depot, SCV  
  20  2:05  Barracks Reactor  
  21  2:16  SCV  
  21  2:18  Refinery  
  22  2:24  Bunker  
  22  2:29  SCV  
  23  2:41  Factory  
  23  2:44  Marine x2  
  23  2:47  SCV  
  26  2:58  Supply Depot  
  26  3:01  Marine  
  26  3:02  Marine  
  26  3:03  Orbital Command  
  28  3:12  SCV  
  29  3:19  Marine x2  
  30  3:26  Widow Mine  
  33  3:28  Starport  
  32  3:42  SCV  
  32  3:47  Factory Tech Lab  
  33  3:53  SCV  
  33  3:55  SCV  
  35  3:57  Marine  
  35  3:58  Marine  
  37  4:06  SCV, Starport Tech Lab  
  37  4:08  Siege Tank  
  41  4:11  SCV  
  42  4:20  SCV  
  42  4:23  Supply Depot, SCV  
  44  4:25  Raven  
  46  4:32  Barracks  
  46  4:36  Marine  
  46  4:37  Marine  
  48  4:41  Siege Tank  
  51  4:49  SCV  
  52  4:54  Marine x2  
  52  4:58  SCV  
  55  5:01  SCV  
  55  5:06  Supply Depot  
  56  5:10  SCV  
  56  5:12  Marine  
  56  5:13  SCV  
  53  5:32  Marine x2  
  53  5:33  Cyclone  
Tags
 
Add a new tag
Caveats
  • Supply blocks, unpowered buildings, or Contaminate may cause inaccurate times.
  • Supply counts are checked every 10 seconds.